 Dungeon Crawl Stone Soup version 0.18-a0-1160-geb89fc2 (webtiles) character file.

49 Duffy the Conjurer (level 3, 0/19 HPs)
             Began as a Deep Elf Conjurer on Jan 24, 2016.
             Succumbed to an orc's poison
             ... on level 3 of the Dungeon.
             The game lasted 00:02:05 (2083 turns).

Duffy the Conjurer (Deep Elf Conjurer)              Turns: 2083, Time: 00:02:05

Health: 0/19       AC:  5    Str:  3    XL:     3   Next: 51%
Magic:  3/10       EV: 13    Int: 20    God:
Gold:   105        SH:  0    Dex: 17    Spells: 2 memorised, 7 levels left

rFire  + . .     SeeInvis .     (no weapon)
rCold  + . .     Gourm    .     a - +0 robe
rNeg   . . .     Faith    .     (no shield)
rPois  +         Spirit   .     r - +0 helmet
rElec  +         Dismiss  .     (no cloak)
rCorr  +         Reflect  .     (no gloves)
SustAt .         Harm     .     (no boots)
MR     .....                    (no amulet)
Stlth  ++........               (no ring)
                                (no ring)

@: lethally poisoned (0 -> -22), resistant, very slightly contaminated, not
resistant to hostile enchantments, unstealthy
A: slimy green scales 1, agile 1, weak 1
a: no special abilities


You were on level 3 of the Dungeon.
You were not hungry.

You visited 1 branch of the dungeon, and saw 3 of its levels.

You collected 105 gold pieces.


Innate Abilities, Weirdness & Mutations

You are partially covered in slimy green scales (AC +2).
You are agile. (Dex +2)
You are weak. (Str -2)


   Skills:
 - Level 2.4 Dodging
 - Level 2.4 Stealth
 + Level 4.4 Spellcasting
 + Level 5.1 Conjurations


You had 7 spell levels left.
You knew the following spells:

 Your Spells              Type           Power        Failure   Level  Hunger
a - Magic Dart            Conj           ###.         1%          1    None
s - Searing Ray           Conj           ###...       2%          2    #......

Inventory:

Armour
 a - a +0 robe (worn)
 r - a +0 helmet (worn)
Scrolls
 d - 3 scrolls of enchant weapon {unknown}
 e - 2 scrolls of magic mapping {unknown}
 h - a scroll of fog {unknown}
 i - 5 scrolls of identify {unknown}
 j - a scroll of immolation {unknown}
 n - a scroll of teleportation {unknown}
 o - 2 scrolls of enchant armour {unknown}
Potions
 l - a potion of flight {unknown}
 m - a potion of resistance
 p - a potion of cure mutation {unknown}
 q - a potion of heal wounds {unknown}
Books
 b - a book of Conjurations
 s - a book of Geomancy
Comestibles
 c - 3 bread rations
 f - 4 meat rations
 k - a royal jelly

Dungeon Overview and Level Annotations

Branches:
Dungeon (3/15)

Altars:
Trog
Xom
Yredelemnul
The Shining One


Message History

You are poisoned.
You feel sick.
The orc hits you with a dagger of venom.
You are lethally poisoned!
You feel sick.
The orc hits you with a dagger of venom.
You are more poisoned.
Cast which spell? (? or * to list)
Aiming: Searing Ray
Press: ? - help, Shift-Dir - straight line, f - orc
Aim: an orc, wielding a dagger of venom and wearing a leather armour (lightly wounded)
The searing ray hits the orc.
The orc is heavily wounded.
You feel very sick. The orc barely misses you.
The searing ray hits the orc.
You kill the orc!
You feel sick.
The searing ray hits the orc.
You kill the orc!
You feel sick.
The searing ray hits the kobold.
You kill the kobold!
You feel sick.
Drink which item? (? for menu, Esc to quit)
Okay, then.
Drink which item? (? for menu, Esc to quit)
It was a potion of resistance.
You feel protected.
You feel sick.
Drink which item? (? for menu, Esc to quit)
It was a potion of mutation.
You feel extremely strange.
You feel weaker.
You feel agile.
Slimy green scales grow over part of your body.
You die...

.........8.....8......#
########.........#.##.#
#.............### .#
#.###########.# #.# #.#
.# #.###o# #...#o#
###@#.# #)#o# #o#.#
######(#.######
......(.....K..#
#######.###.#### #.#
#.# #.#


You could see an orc priest.

Action                   || total
-------------------------++-------
 Cast: Magic Dart        ||    69
       Searing Ray       ||     2
  Use: Potion            ||     2
  Eat: Chunk             ||     3

Notes
Turn   | Place    | Note
--------------------------------------------------------------
     0 | D:1      | Duffy the Deep Elf Conjurer began the quest for the Orb.
     0 | D:1      | Reached XP level 1. HP: 10/10 MP: 6/6
   190 | D:1      | Reached XP level 2. HP: 15/15 MP: 5/8
   677 | D:1      | Learned a level 2 spell: Searing Ray
  1104 | D:2      | Found a shimmering altar of Xom.
  1249 | D:2      | Found a bloodstained altar of Trog.
  1249 | D:2      | Found a shimmering altar of Xom.
  1316 | D:2      | Reached skill level 4 in Spellcasting
  1424 | D:2      | Found a glowing golden altar of the Shining One.
  1428 | D:2      | Found a basalt altar of Yredelemnul.
  1435 | D:2      | Noticed a profane servitor
  1441 | D:2      | Noticed an angel
  1562 | D:2      | Reached XP level 3. HP: 19/19 MP: 7/10
  1965 | D:3      | Reached skill level 5 in Conjurations
  2083 | D:3      | Gained mutation: You are weak. (Str -2) [potion of mutation]
  2083 | D:3      | Gained mutation: You are agile. (Dex +2) [potion of mutation]
  2083 | D:3      | Gained mutation: You are partially covered in slimy green scales (AC +2). [potion of mutation]
  2083 | D:3      | Succumbed to an orc's poison

Vault maps used:
D:1:      tarquinn_simple_flora_water_c
D:2:      grunt_temple_overflow_holy_war, gammafunk_temple_overflow_elements,
          first_bread, lemuel_statue_altar
D:3:      minmay_tree_intersection, st_stairs_1, tgw_trog

Vanquished Creatures
  A worm
  2 giant geckos
  3 orcs
  A giant cockroach
  6 goblins
  4 hobgoblins
  A quokka
  8 bats
  4 giant newts
  7 kobolds
  3 rats
40 creatures vanquished.
